 Dungeon Crawl Stone Soup version 0.30.1-3-gfc49f6343a (webtiles) character file.

Game seed: 5601274518565350252

942 monsoonserge the Cudgeller (level 8, 0/105 HPs)
             Began as a Meteoran Berserker on July 20, 2023.
             Was a Believer of Trog.
             Succumbed to a hornet's poison
             ... on level 7 of the Dungeon.
             The game lasted 00:12:59 (2137 turns).

monsoonserge the Cudgeller (Meteoran Berserker)     Turns: 2137, Time: 00:12:59

Health: 0/105      AC: 14    Str: 21    XL:     8   Next: 61%
Magic:  6/18       EV:  9    Int:  8    God:    Trog [**....]
Gold:   563        SH:  0    Dex: 14    Spells: 7/7 levels left

rFire   . . .        y - +0 morningstar
rCold   . . .        (no shield)
rNeg    . . .        q - +0 chain mail
rPois   .            (no helmet)
rElec   .            o - +2 cloak
rCorr   .            a - +0 pair of gloves
SInv    .            (no boots)
Will    +++..        A - amulet of guardian spirit Stlth
                     D - ring of magical power
HPRegen 1.37/turn    (no ring)
MPRegen 0.16/turn

%: guardian spirit
@: berserking, lethally poisoned (0 -> -14), strong-willed, regenerating,
slowed, glowing
A: sense surroundings 1, otherworldly, glowing, explore regen
a: Renounce Religion, Berserk, Trog's Hand


You were on level 7 of the Dungeon.
You worshipped Trog.
Trog was pleased with you.
You visited 2 branches of the dungeon, and saw 8 of its levels.

You collected 597 gold pieces.
You spent 34 gold pieces at shops.

Inventory:

Hand Weapons
 y - a +0 morningstar (weapon)
Missiles
 p - 5 poisoned darts (quivered)
 t - 9 boomerangs
 E - 4 atropa-tipped darts
Armour
 a - a +0 pair of gloves (worn)
 o - a +2 cloak (worn)
 q - a +0 chain mail (worn)
Jewellery
 A - an amulet of guardian spirit (around neck)
 D - a ring of magical power (left hand)
Wands
 v - a wand of mindburst (15)
Scrolls
 b - 4 scrolls of identify
 h - a scroll of enchant weapon {unknown}
 s - a scroll of magic mapping {unknown}
 z - a scroll of enchant armour {unknown}
 B - a scroll of amnesia {unknown}
 F - 2 scrolls of immolation {unknown}
 G - a scroll of fear {unknown}
 H - a scroll of poison {unknown}
Potions
 c - a potion of resistance {unknown}
 d - a potion of mutation {unknown}
 e - a potion of magic {unknown}
 f - 2 potions of lignification {unknown}
 g - 2 potions of flight {unknown}
 i - 2 potions of might
 l - 2 potions of invisibility {unknown}
 m - 2 potions of cancellation {unknown}
 r - a potion of heal wounds {unknown}
 u - 3 potions of curing
 w - a potion of attraction {unknown}
 C - a potion of haste {unknown}


   Skills:
 + Level 5.8 Fighting
 + Level 4.8(6.4) Axes
 + Level 7.1(8.1) Maces & Flails
 - Level 1.4(4.3) Staves
 + Level 0.4 Throwing
 + Level 4.9 Armour
 + Level 3.9 Dodging
 + Level 0.2 Stealth


You had 7 spell levels left.
You didn't know any spells.
Your spell library contained the following spells:

 Spells                   Type           Power      Damage    Failure   Level
 Kiss of Death            Conj/Necr      0%         2d5       96%         1
 Ensorcelled Hibernation  Hex/Ice        0%         N/A       99%         2
 Sublimation of Blood     Necr           0%         N/A       99%         2
 Wereblood                Tmut           0%         N/A       99%         2
 Confusing Touch          Hex            0%         N/A       100%        3
 Ozocubu's Armour         Ice            0%         N/A       100%        3
 Spider Form              Tmut/Pois      0%         N/A       100%        3
 Anguish                  Hex/Necr       0%         N/A       100%        4
 Dispel Undead            Necr           0%         3d6       100%        4
 Ozocubu's Refrigeration  Ice            0%         4d7       100%        7
 Summon Hydra             Summ           0%         N/A       100%        7


Dungeon Overview and Level Annotations

Branches:
Dungeon (7/15) Zot: 1986   Temple (1/1) D:5 Zot: 585

Altars:
Cheibriados
Dithmenos
Gozag
Makhleb
Okawaru
Qazlal
Sif Muna
Trog
Xom
Zin

Shops:
D:5 *


Innate Abilities, Weirdness & Mutations

You passively map a small area around you.
You are easily found by Zot.
You glow in the dark.
You regain HP and MP as you explore.


Message History

The hornet is moderately wounded.
You feel sick. The hornet stings you.
You feel as though you will be slow longer.
The hornet stings you!
You are more poisoned.
You feel as though you will be slow longer.
The hornet closely misses you.
You closely miss the hornet.
The hornet is moderately wounded.
You feel very sick. The hornet stings you.
You are more poisoned.
You feel as though you will be slow longer.
The hornet barely misses you.
Your skin crawls.
You feel strong-willed.
You feel extremely sick. The hornet stings you.
* * * LOW HITPOINT WARNING * * *
You are more poisoned.
You feel as though you will be slow longer.
The hornet barely misses you. x2
You sock the hornet!
The hornet is heavily wounded.
* * * LOW HITPOINT WARNING * * *
You feel extremely sick.
The hornet stings you but does no damage. x2
A red film seems to cover your vision as you go berserk!
You feel yourself moving faster!
You feel mighty!
You feel very sick. The hornet stings you.
* * * LOW HITPOINT WARNING * * *
You feel as though you will be slow longer.
The hornet stings you.
* * * LOW HITPOINT WARNING * * *
You are lethally poisoned!
You feel as though you will be slow longer.
You closely miss the hornet.
The hornet is heavily wounded.
You die...

, ,
,
...
*
#?.
*
...
,
#.#
, *
#..
##.#
, *
~
#.y#
#@#
* *
* *
#.#
* **
*
###*
* ,
, ,
, ,
, *
, *
, ,
* ,
* *


You could see a hornet.

Vanquished Creatures
  A water moccasin (D:5)
  2 ogres
  A centaur (D:5)
  3 hounds (D:5)
  A jelly (D:5)
  Crazy Yiuf (D:2)
  A sleepcap (D:5)
  An orc priest (D:5)
  6 iguanas
  An orc wizard (D:5)
  10 adders
  A gnoll (D:1)
  2 white imps (D:5)
  3 worms
  5 dart slugs
  12 orcs
  6 bats
  7 endoplasms
  A giant cockroach (D:4)
  3 goblins
  4 hobgoblins
  3 jackals
  4 kobolds
  2 quokkas
  A ball python (D:1)
  3 rats
85 creatures vanquished.

Notes
Turn   | Place    | Note
-------+----------+-------------------------------------------
     0 | D:1      | monsoonserge the Meteoran Berserker began the quest for the
                  | Orb.
     0 | D:1      | Reached XP level 1. HP: 19/19 MP: 2/2
   133 | D:1      | Reached XP level 2. HP: 12/26 MP: 3/3
   220 | D:2      | Reached XP level 3. HP: 14/33 MP: 4/4
   378 | D:2      | Reached XP level 4. HP: 9/40 MP: 5/5
   392 | D:2      | Found a runed translucent door.
   393 | D:2      | Noticed Crazy Yiuf
   401 | D:2      | Killed Crazy Yiuf
   442 | D:2      | Reached XP level 5. HP: 37/46 MP: 6/6
   570 | D:1      | Found a faded altar of an unknown god.
   848 | D:3      | Reached skill level 1 in Staves
   857 | D:3      | Reached ** piety under Trog
   893 | D:3      | Found a bloodstained altar of Trog.
   953 | D:3      | Found a shadowy altar of Dithmenos.
  1053 | D:3      | Found an opulent altar of Gozag.
  1053 | D:3      | Found a shimmering blue altar of Sif Muna.
  1308 | D:4      | Noticed an ogre
  1312 | D:4      | Killed an ogre
  1313 | D:4      | Reached skill level 2 in Maces & Flails
  1313 | D:4      | Reached XP level 6. HP: 53/53 MP: 4/7
  1484 | D:5      | Entered Level 5 of the Dungeon
  1499 | D:5      | Found a staircase to the Ecumenical Temple.
  1519 | Temple   | Entered the Ecumenical Temple
  1568 | D:5      | Reached skill level 3 in Maces & Flails
  1568 | D:5      | Reached XP level 7. HP: 48/60 MP: 8/8
  1699 | D:5      | Found Omanem's Assorted Antiques.
  1706 | D:5      | Reached skill level 4 in Maces & Flails
  1714 | D:5      | Bought a fuming pink potion for 17 gold pieces
  1714 | D:5      | Bought a silvery potion for 17 gold pieces
  1811 | D:5      | Reached skill level 5 in Fighting
  1850 | D:5      | Noticed a water moccasin
  1860 | D:5      | Killed a water moccasin
  1861 | D:5      | Reached skill level 5 in Maces & Flails
  1864 | D:5      | Reached XP level 8. HP: 68/68 MP: 9/9
  1878 | D:5      | Reached skill level 6 in Maces & Flails
  2026 | D:5      | Reached *** piety under Trog
  2033 | D:5      | Reached skill level 7 in Maces & Flails
  2124 | D:7      | Noticed a hornet
  2127 | D:7      | Paralysed by a hornet for 3 turns
  2136 | D:7      | HP: 5/105 [hornet (4)]
  2137 | D:7      | Succumbed to a hornet's poison

Illustrated notes

Levels and vault maps discovered:
D:1:      dpeg_arrival_three_bigger_balls, layout_basic,
          hellmonk_ecumenical_altar_inner_sanctum
D:2:      layout_loops_ring, uniq_crazy_yiuf_cottage
D:3:      layout_basic, lightli_temple_of_fire, gammafunk_temple_overflow_wave,
          old_standard_altar, kennysheep_generic_room_16
D:4:      layout_cave_pools
D:5:      minmay_polygon_palace, layout_loops_ring, nicolae_ru_awakened_eye,
          temple_statues, serial_shops, nicolae_shop_tiny_waterfront
D:6:      layout_loops_ring, uniq_menkaure
D:7:      layout_loops_ring, grunt_temple_overflow_growth_and_decay,
          mainiacjoe_overflow_divided_tiny, enter_bailey_7, serial_aquarium,
          aquarium_bridge_long_joined [aquarium_subvault_wall,
          aquarium_subvault_balcony, aquarium_subvault_bridge,
          aquarium_subvault_bridge, aquarium_subvault_wall,
          aquarium_subvault_window], aquarium_window_1, aquarium_window_fake,
          aquarium_window_fake, aquarium_view_2d, aquarium_view_2c,
          aquarium_pool_side, columned_hall_lemuel, dk_vineyard_3, uniq_duvessa
Temple:   eino_temple_lava

Skill      XL: |  1  2  3  4  5  6  7  8 |
---------------+-------------------------+-----
Axes           | 4 |  4.8
Armour         | 3 4 |  4.9
Fighting       | 4 5 |  5.8
Dodging        | 3 |  3.9
Staves         | 1 |  1.4
Maces & Flails | 2 3 5 7 |  7.1
Throwing       | |  0.4
Stealth        | |  0.2

Action                     |  1- 3 |  4- 6 |  7- 9 || total
---------------------------+-------+-------+-------++-------
  Melee: Hand axe          |    72 |     3 |       ||    75
         Punch             |     1 |     1 |     1 ||     3
         Quarterstaff      |       |    78 |       ||    78
         Morningstar       |       |    46 |   119 ||   165
  Throw: Dart              |       |       |     4 ||     4
         Boomerang         |       |       |     1 ||     1
 Invoke: Berserk           |       |     2 |     2 ||     4
         Trog's Hand       |       |       |     1 ||     1
    Use: Scroll            |       |     3 |       ||     3
 Armour: Ring mail         |    21 |    15 |       ||    36
         Chain mail        |       |    82 |    81 ||   163
  Dodge: Dodged            |    32 |    75 |    47 ||   154
